Description

A great bio build that should only be used by advanced Terran players (Diamond+)

Build Order

Get SALT Encoding   

  14  0:17  Supply Depot  
  16  0:39  Barracks  
  17  0:42  Refinery  
  19  1:28  Orbital Command, Reaper  Rally across the map
  20  1:39  Command Center  
  20  1:49  Barracks  
  20  2:00  Barracks Reactor  Reaper pops out
  21  2:03  Supply Depot  
  22  2:10  Refinery  
  23  2:23  Factory  
  25  2:38  Barracks Tech Lab  
  27  2:52  Orbital Command  
  27  2:55  Stimpack  
  31  3:13  Starport  
  31  3:18  Factory Reactor  Starport onto reactor when done
  37  3:32  Supply Depot  Start walling off natural base
  42  3:46  Supply Depot  
  43  4:00  Medivac x2  Move out as soon as both medivacs pop out
  53  4:11  Supply Depot  
  53  4:15  Engineering Bay x2  Medivacs Pop Out at about 4:30
  65  4:50  Terran Infantry Weapons Level 1, Terran Infantry Armor Level 1  
  65  4:56  Combat Shield  Can be queued up a couple secs before if needed
  68  5:08  Command Center  
Spawning Tool Build Advisor. Get it on Overwolf

Go to:

Details

  • Created by: Aerolust
  • Published on: Mar 14, 2019
  • Modified on: Mar 14, 2019
  • Patch: 4.7.1
Show
View Real Time Build Order
Export as new Build Order

Comments (0)

There are no comments. Be the first!

Create an account to comment!